 Dungeon Crawl Stone Soup version 0.23-a0-345-g28c3e8efcb (webtiles) character file.

50 GoingDown the Chopper (level 3, -1/31 HPs)
             Began as a Hill Orc Fighter on Oct 20, 2018.
             Slain by a hobgoblin
             ... wielding a +0 club
             ... led by Robin
              (8 damage)
             ... on level 2 of the Dungeon.
             The game lasted 00:01:49 (821 turns).

GoingDown the Chopper (Hill Orc Fighter)             Turns: 821, Time: 00:01:51

Health: -1/31      AC:  6    Str: 19    XL:     3   Next: 79%
Magic:  3/3        EV:  9    Int:  8    God:
Gold:   50         SH:  0    Dex: 10    Spells: 2/2 levels left

rFire    . . .     SeeInvis .   a - +0 war axe
rCold    . . .     Gourm    .   (no shield)
rNeg     . . .     Faith    .   b - +0 scale mail
rPois    .         Spirit   .   (no helmet)
rElec    .         Reflect  .   (no cloak)
rCorr    .         Harm     .   (no gloves)
MR       .....                  (no boots)
Stlth    ..........             (no amulet)
HPRegen  0.10/turn              (no ring)
MPRegen  0.08/turn              (no ring)

@: no status effects
A: no striking features
a: no special abilities


You were on level 2 of the Dungeon.
You were not hungry.

You visited 1 branch of the dungeon, and saw 2 of its levels.

You collected 50 gold pieces.

Inventory:

Hand Weapons
 a - a +0 war axe (weapon)
Missiles
 g - 15 bolts
Armour
 b - a +0 scale mail (worn)
 c - a +0 shield
Jewellery
 j - an uncursed ring of magical power {unknown}
Scrolls
 e - 2 scrolls of remove curse {unknown}
 h - a scroll of teleportation {unknown}
 i - a scroll of enchant weapon {unknown}
 m - a scroll of immolation {unknown}
Potions
 d - a potion of might
 k - a potion of brilliance {unknown}
Comestibles
 f - 3 rations
 l - 5 chunks of flesh


   Skills:
 - Level 3.6 Fighting
 * Level 5.3 Axes
 - Level 3.2 Armour
 - Level 3.2 Shields


You had 2 spell levels left.
You didn't know any spells.
Your spell library was empty.

Dungeon Overview and Level Annotations

Branches:
Dungeon (2/15)

Altars:

Annotations:
D:2 Robin


Message History

The quokka barely misses you.
Unknown command.
You are too injured to fight recklessly!
You are too injured to fight recklessly!
Your scale mail prevents you from hitting Robin.
You slash the goblin!
You kill the goblin!
You closely miss the goblin. You slash the quokka!
You kill the quokka!
Robin hits you with a +0 short sword. The goblin hits you.
* * * LOW HITPOINT WARNING * * *
Robin completely misses you.
You barely miss Robin. You hit the goblin.
You kill the goblin!
You hit the hobgoblin.
The hobgoblin hits you but does no damage.
Robin hits you with a +0 short sword.
* * * LOW HITPOINT WARNING * * *
The goblin hits you but does no damage. The hobgoblin hits you with a +0 club!
You die...

##########
#........######
##........#.....
................
##.....)gg......
........@g......
######.##......
#.......#......
#.......#..####
#........#.#
#........#?###
#............#
#........#...#
#........##..#


You could see Robin, a hobgoblin and a goblin.

Vanquished Creatures
  An adder (D:2)
  An ooze (D:1)
  A dart slug (D:1)
  2 bats (D:1)
  A giant cockroach (D:2)
  11 goblins
  5 hobgoblins
  A quokka (D:2)
  2 ball pythons (D:1)
  2 kobolds (D:1)
  3 rats (D:1)
30 creatures vanquished.

Notes
Turn   | Place    | Note
-------+----------+-------------------------------------------
     0 | D:1      | GoingDown the Hill Orc Fighter began the quest for the Orb.
     0 | D:1      | Reached XP level 1. HP: 19/19 MP: 1/1
    42 | D:1      | Reached skill level 3 in Axes
    50 | D:1      | Reached XP level 2. HP: 4/26 MP: 2/2
   389 | D:1      | Reached skill level 4 in Axes
   742 | D:1      | Reached XP level 3. HP: 26/31 MP: 3/3
   796 | D:2      | Reached skill level 5 in Axes
   810 | D:2      | Noticed Robin
   821 | D:2      | Slain by a hobgoblin

Vault maps used:
D:1:      scummos_arrival_simple_fountains
D:2:      first_ration, chequers_ecumenical_altar_simple_redux, minivault_27,
          uniq_robin

Skill      XL: |  1  2  3 |
---------------+----------+-----
Axes           | 3 4 5 |  5.3
Fighting       | |  3.6
Armour         | |  3.2
Shields        | |  3.2

Action                   || total
-------------------------++-------
Melee: War axe           ||    57
Armor: Scale mail        ||    39
Dodge: Dodged            ||    51

Table legend:
 A = Non-vault XP
 B = Vault XP
 C = Vault XP percentage of total XP
 D = Non-vault monster count
 E = Vault monster count
 F = Vault count percentage of total count
                 A         B        C        D         E       F
            +---------+---------+-------+---------+---------+-------
      Total |      54 |      18 |  25.0 |      21 |       9 |  30.0
            +---------+---------+-------+---------+---------+-------
        D:1 |      34 |       0 |   0.0 |      17 |       0 |   0.0
        D:2 |      20 |      18 |  47.4 |       4 |       9 |  69.2
            +---------+---------+-------+---------+---------+-------
